 Dungeon Crawl Stone Soup version 0.28.0-47-ge53b351184 (webtiles) character file.

Game seed: 14773487071105048620

410 Peloso the Covered (level 6, -1/53 HPs)
             Began as a Minotaur Fighter on May 7, 2022.
             Succumbed to a killer bee's poison
             ... on level 4 of the Dungeon.
             The game lasted 00:06:05 (3185 turns).

Peloso the Covered (Minotaur Fighter)               Turns: 3185, Time: 00:06:06

Health: -1/53      AC: 11    Str: 20    XL:     6   Next: 58%
Magic:  5/5        EV: 10    Int:  5    God:
Gold:   104        SH:  5    Dex: 12    Spells: 5/5 levels left

rFire   . . .      SeeInvis .   a - +0 long sword
rCold   . . .      Faith    .   c - +0 buckler
rNeg    . . .      Spirit   .   b - +0 scale mail
rPois   .          Reflect  .   (helmet restricted)
rElec   .          Harm     .   h - +1 cloak
rCorr   .          Rampage  .   (no gloves)
Will    .....                   n - +0 pair of boots
Stlth   ..........              (no amulet)
HPRegen 0.17/turn               (no ring)
MPRegen 0.09/turn               (no ring)

@: lethally poisoned (-1 -> -8)
A: horns 2, retaliatory headbutt
a: no special abilities


You were on level 4 of the Dungeon.
You visited 2 branches of the dungeon, and saw 5 of its levels.

You collected 104 gold pieces.

Inventory:

Hand Weapons
 a - a +0 long sword (weapon)
Missiles
 i - 2 throwing nets (quivered)
Armour
 b - a +0 scale mail (worn)
 c - a +0 buckler (worn)
 h - a +1 cloak (worn)
 n - a +0 pair of boots (worn)
Wands
 j - a wand of iceblast (3)
Scrolls
 f - a scroll of teleportation {unknown}
 g - a scroll of fog {unknown}
 l - a scroll of identify
 o - a scroll of enchant armour
Potions
 d - a potion of might
 e - a potion of resistance
 m - 2 potions of magic {unknown}


   Skills:
 + Level 4.4 Fighting
 + Level 5.4 Long Blades
 + Level 5.7 Armour
 + Level 2.0 Dodging
 + Level 0.4 Stealth
 + Level 4.7 Shields


You had 5 spell levels left.
You didn't know any spells.
Your spell library contained the following spells:

 Spells                   Type           Power      Damage    Failure   Level
 Magic Dart               Conj           0%         1d3       88%         1
 Call Imp                 Summ           0%         N/A       95%         2
 Mephitic Cloud           Conj/Pois/Air  0%         N/A       99%         3


Dungeon Overview and Level Annotations

Branches:
Dungeon (4/15)             Temple (1/1) D:4

Altars:
Ashenzari
Elyvilon
Gozag
Kikubaaqudgha
Nemelex Xobeh
Qazlal
Ru
Vehumet
Wu Jian
Zin
The Shining One

Annotations:
D:4 3 runed translucent doors, maxonian's ghost, novice MiAr


Innate Abilities, Weirdness & Mutations

You have a pair of horns on your head.
You reflexively headbutt those who attack you in melee.


Message History

Unknown command.
You closely miss the killer bee.
The killer bee is almost dead.
You feel sick. The killer bee stings you.
You are more poisoned.
The killer bee poisons you! The killer bee completely misses you.
You block the killer bee's attack.
You slash the killer bee!
You kill the killer bee!
You feel very sick. The killer bee barely misses you.
Your Dodging skill increases to level 2!
You barely miss the killer bee.
You feel sick. You block the killer bee's attack. The killer bee stings you.
Unknown command.
You miss the killer bee.
You feel sick. The killer bee stings you. x2
* * * LOW HITPOINT WARNING * * *
The killer bee barely misses you.
Unknown command.
You slash the killer bee!
The killer bee is almost dead.
You feel sick. The killer bee barely misses you.
The killer bee closely misses you.
You hit the killer bee.
You kill the killer bee!
You feel sick. The killer bee stings you!
* * * LOW HITPOINT WARNING * * *
Unknown command.
You feel better. The killer bee stings you.
* * * LOW HITPOINT WARNING * * *
You are lethally poisoned!
The killer bee poisons you! The killer bee closely misses you.
Unknown command.
You closely miss the killer bee.
* * * LOW HITPOINT WARNING * * *
You feel very sick. The killer bee closely misses you.
The killer bee stings you.
* * * LOW HITPOINT WARNING * * *
You closely miss the killer bee. Your headbutt misses the killer bee.
You die...

##.# #.#.# #.#
#.#≈≈≈≈#..# #.#
#.###.#.# #.#
#)##''##..# #.#
#...#.#.# #.#
#.........###.#
#.#.#.#.# #.#
#..#...##.....#
#.#.#.#.#
#.#####....#########
#.#.#.#.# #.).......##
#.#.#.#.# ###########
##.#.#.#.##############
...#...#........@y....#
#####################...


You could see a killer bee.

Vanquished Creatures
  4 killer bees (D:4)
  A hound (D:3)
  A jelly (D:4)
  An iguana (D:4)
  An orc wizard (D:4)
  2 adders
  4 gnolls (D:3)
  2 worms
  A dart slug (D:3)
  4 orcs
  7 bats
  3 endoplasms
  A giant cockroach (D:1)
  3 goblins
  5 hobgoblins
  6 kobolds
  11 ball pythons
  2 frilled lizards
  5 rats
64 creatures vanquished.

Notes
Turn   | Place    | Note
-------+----------+-------------------------------------------
     0 | D:1      | Peloso the Minotaur Fighter began the quest for the Orb.
     0 | D:1      | Reached XP level 1. HP: 19/19 MP: 0/0
   161 | D:1      | Reached XP level 2. HP: 27/27 MP: 1/1
   810 | D:1      | Found a faded altar of an unknown god.
   987 | D:2      | Reached XP level 3. HP: 26/33 MP: 2/2
  1950 | D:3      | Reached skill level 1 in Dodging
  1950 | D:3      | Reached XP level 4. HP: 31/40 MP: 3/3
  2314 | D:3      | Found a broken altar of Ashenzari.
  2563 | D:4      | Reached XP level 5. HP: 46/46 MP: 4/4
  2603 | D:4      | Found a staircase to the Ecumenical Temple.
  2615 | Temple   | Entered the Ecumenical Temple
  2815 | D:4      | Noticed maxonian's ghost (novice MiAr)
  2821 | D:4      | Found a runed translucent gate.
  2821 | D:4      | Found a runed translucent gate.
  2821 | D:4      | Found a runed translucent gate.
  3062 | D:4      | Reached skill level 5 in Armour
  3121 | D:4      | Found a sacrificial altar of Ru.
  3171 | D:4      | Reached skill level 5 in Long Blades
  3171 | D:4      | Reached XP level 6. HP: 48/52 MP: 5/5
  3184 | D:4      | HP: 1/53 [killer bee (5)]
  3185 | D:4      | Succumbed to a killer bee's poison

Illustrated notes

Levels and vault maps discovered:
D:1:      ncdulo_wetmaze, layout_basic, ebering_ecumenical_altar_box,
          minmay_crystal_water, nrook_loot_triangle, minmay_bisected
D:2:      layout_basic
D:3:      layout_basic, mainiacjoe_overflow_cross_hatched
D:4:      layout_loops_ring, general_overflow_altar, slow_altar_2,
          gammafunk_temple_overflow_claw, minmay_temple_entry_junction,
          gammafunk_ghost_icy
Temple:   nicolae_temple_figure_zero

Skill      XL: |  1  2  3  4  5  6 |
---------------+-------------------+-----
Shields        | 4 |  4.7
Armour         | 4 5 |  5.7
Long Blades    | 3 4 5 |  5.4
Fighting       | 4 |  4.4
Dodging        | 1 2 |  2.0
Stealth        | |  0.4

Action                   |  1- 3 |  4- 6 || total
-------------------------+-------+-------++-------
Melee: Long sword        |   101 |    69 ||   170
       Headbutt          |    12 |     9 ||    21
  Use: Scroll            |     4 |       ||     4
       Potion            |     3 |     1 ||     4
Armor: Scale mail        |    57 |    20 ||    77
Dodge: Dodged            |    52 |    34 ||    86
Block: Buckler           |    35 |    19 ||    54
